 Dungeon Crawl Stone Soup version 0.26.1-2-gb8aa6d0cf2 (webtiles) character file.

Game seed: 13148220354491754468

92 raph the Digger (level 4, 0/22 (24) HPs)
             Began as a Deep Elf Earth Elementalist on Mar 14, 2021.
             Was an Initiate of Ashenzari.
             Slain by Crazy Yiuf
             ... wielding a +3 quarterstaff of chaos
              (6 damage)
             ... on level 2 of the Dungeon.
             The game lasted 00:03:49 (2364 turns).

raph the Digger (Deep Elf Earth Elementalist)       Turns: 2364, Time: 00:03:50

HP:   0/22 (24)     AC:  3    Str:  5    XL:     4   Next: 35%
MP:   9/11          EV: 13    Int: 21    God:    Ashenzari [......]
Gold: 85            SH:  0    Dex: 15    Spells: 4/10 levels left

rFire    . . .     SeeInvis .   j - +0 dagger
rCold    + . .     Faith    .   (no shield)
rNeg     . . .     Spirit   .   c - +0 robe
rPois    .         Reflect  .   g - +0 helmet
rElec    .         Harm     .   (no cloak)
rCorr    .         Rampage  .   (no gloves)
Will     .....                  (no boots)
Stlth    ++........             (no amulet)
HPRegen  0.07/turn              f - ring of protection from cold
MPRegen  0.12/turn              (no ring)

@: drained
A: no striking features
a: Renounce Religion, Curse Item


You were on level 2 of the Dungeon.
You worshipped Ashenzari.
Ashenzari was noncommittal.
You visited 1 branch of the dungeon, and saw 2 of its levels.

You collected 85 gold pieces.

Inventory:

Hand Weapons
 d - a +0 whip
 j - a +0 dagger (weapon)
Missiles
 b - 42 stones
 e - 3 curare-tipped darts
Armour
 c - a +0 robe (worn)
 g - a +0 helmet (worn)
Jewellery
 f - a ring of protection from cold (left hand)
Scrolls
 i - a scroll of noise {unknown}
 l - a scroll of identify {unknown}
Potions
 a - a potion of lignification {unknown}
 h - a potion of curing {unknown}
 k - a potion of heal wounds {unknown}
 m - a potion of might {unknown}
 n - a potion of magic {unknown}


   Skills:
 + Level 0.1 Fighting
 + Level 0.1 Short Blades
 + Level 2.9 Dodging
 + Level 2.8 Stealth
 + Level 3.9 Spellcasting
 - Level 1.1 Transmutations
 * Level 4.9 Earth Magic


You had 4 spell levels left.
You knew the following spells:

 Your Spells              Type           Power        Failure   Level
a - Sandblast             Erth           48%          1%          1
b - Passwall              Tmut/Erth      13%          5%          2
c - Stone Arrow           Conj/Erth      28%          13%         3

Your spell library contained the following spells:

 Spells                   Type           Power        Failure   Level
 Petrify                  Tmut/Erth      16%          34%         4
 Lee's Rapid Deconstruct  Erth           12%          41%         5


Dungeon Overview and Level Annotations

Branches:
Dungeon (2/15)

Altars:
Ashenzari
Qazlal

Annotations:
D:2 Crazy Yiuf


Message History

Crazy Yiuf whimpers, "Ghoul!
Line noodlescoop sow."
You open the door.
Crazy Yiuf says, "Peeping infinity agre!"
Aiming: Sandblast (safe; 1% risk of failure)
Press: ? - help, Q - select action, (/) - cycle Shift-Dir - straight line, f - Crazy Yiuf
Aim: Crazy Yiuf, wielding a +3 quarterstaff of chaos and wearing a +0 cloak (17% to evade)
The blast of sand hits Crazy Yiuf!
Crazy Yiuf is heavily wounded.
Crazy Yiuf says, "Gnoll!
Whiteboard cloud ragdoll."
Crazy Yiuf hits you with a +3 quarterstaff of chaos!
Ouch! That really hurt!
You feel drained.
* * * LOW HITPOINT WARNING * * *
Aiming: Sandblast (safe; 1% risk of failure)
Press: ? - help, Q - select action, (/) - cycle Shift-Dir - straight line, f/p - Crazy Yiuf
Aim: Crazy Yiuf, wielding a +3 quarterstaff of chaos and wearing a +0 cloak (heavily wounded, 17% to evade)
The blast of sand hits Crazy Yiuf!
Crazy Yiuf is almost dead.
Crazy Yiuf hits you with a +3 quarterstaff of chaos.
You die...

### ###########
### ###♣♣♣♣♣
##.+..♣.♣♣♣ ###
##......♣..♣#...#
#......♣♣♣♣@g...#
######...+.♣♣
♣♣#..)#
........##♣♣ ###
#.#####.#
#.#.....#
......### #####
#...#.# #.#.#
#)).#.# #.#.#
#...#.# #.#.#


You could see Crazy Yiuf.

Vanquished Creatures
  Robin (D:2)
  2 adders (D:2)
  An ooze (D:1)
  4 dart slugs
  2 leopard geckos (D:2)
  A giant cockroach (D:1)
  8 hobgoblins
  2 jackals (D:1)
  3 kobolds
  A quokka (D:2)
  4 bats
  A frilled lizard (D:2)
  10 goblins
  6 rats
46 creatures vanquished.

Notes
Turn   | Place    | Note
-------+----------+-------------------------------------------
     0 | D:1      | raph the Deep Elf Earth Elementalist began the quest for
                  | the Orb.
     0 | D:1      | Reached XP level 1. HP: 10/10 MP: 6/6
   153 | D:1      | Reached XP level 2. HP: 15/15 MP: 5/8
   331 | D:1      | Reached skill level 4 in Earth Magic
  1048 | D:2      | Found a stormy altar of Qazlal.
  1156 | D:2      | Learned a level 2 spell: Passwall
  1173 | D:2      | Reached XP level 3. HP: 19/19 MP: 6/9
  1763 | D:2      | Found a broken altar of Ashenzari.
  1807 | D:2      | Became a worshipper of Ashenzari the Shackled
  2063 | D:2      | Noticed Robin
  2069 | D:2      | Reached XP level 4. HP: 14/24 MP: 7/11
  2076 | D:2      | Killed Robin
  2205 | D:2      | Learned a level 3 spell: Stone Arrow
  2358 | D:2      | Found a runed translucent door.
  2359 | D:2      | Noticed Crazy Yiuf
  2364 | D:2      | Slain by Crazy Yiuf

Illustrated notes

Levels and vault maps discovered:
D:1:      dpeg_arrival_erosion, layout_loops_cross, minmay_misc_feat_plants,
          grunt_decor_junction
D:2:      layout_basic, nicolae_qazlal_general_emergency,
          ashenzari_conservatory_becter, uniq_sigmund, uniq_terence,
          uniq_crazy_yiuf_cottage, uniq_robin

Skill      XL: |  1  2 |
---------------+-------+-----
Earth Magic    | 4 |  4.9
Fighting       | |  0.1
Short Blades   | |  0.1
Dodging        | |  2.9
Stealth        | |  2.8
Spellcasting   | |  3.9
Transmutations | |  1.1

Action                   |  1- 3 |  4- 6 || total
-------------------------+-------+-------++-------
Melee: Whip              |    19 |       ||    19
       Dagger            |    78 |       ||    78
 Cast: Sandblast         |    42 |    17 ||    59
       Passwall          |     1 |       ||     1
  Use: Scroll            |     1 |       ||     1
Armor: Robe              |    24 |       ||    24
Dodge: Dodged            |    91 |     1 ||    92
